 Dungeon Crawl Stone Soup version 0.19-a0-1320-g0178847 (webtiles) character file.

55 4thArraOfDagon the Ruffian (level 3, 18/31 HPs)
             Began as a Troll Ice Elementalist on Aug 31, 2016.
             Quit the game on level 4 of the Dungeon.
             The game lasted 00:01:28 (424 turns).

4thArraOfDagon the Ruffian (Troll Ice Elementalist)  Turns: 424, Time: 00:01:29

Health: 18/31      AC:  6    Str: 16    XL:     3   Next: 67%
Magic:  3/3        EV: 10    Int: 12    God:
Gold:   42         SH:  0    Dex: 10    Spells: 1 memorised, 3 levels left

rFire  . . .     SeeInvis .       - Unarmed
rCold  . . .     Gourm    +     a - +1 robe
rNeg   . . .     Faith    .     (no shield)
rPois  .         Spirit   .     (helmet restricted)
rElec  .         Dismiss  .     (no cloak)
rCorr  .         Reflect  .     (gloves unavailable)
MR     .....     Harm     .     (boots unavailable)
Stlth  +.........               (no amulet)
                                (no ring)
                                (no ring)

@: exhausted, slowed, very slow
A: unfitting armour, claws 3, fast metabolism 3, gourmand, regeneration 1,
shaggy fur 1, tough skin 2
a: no special abilities


You were on level 4 of the Dungeon.
You were near starving.

You visited 1 branch of the dungeon, and saw 4 of its levels.

You collected 42 gold pieces.

Inventory:

Armour
 a - a +1 robe (worn)
Books
 b - a book of Frost

   Spells                             Type                      Level
   a - Freeze                         Ice                          1
   b - Throw Frost                    Conjuration/Ice              2
   c - Ozocubu's Armour               Charms/Ice                   3
   d - Throw Icicle                   Conjuration/Ice              4
   e - Summon Ice Beast               Ice/Summoning                4
Comestibles
 c - 3 bread rations


   Skills:
 - Level 1.5 Dodging
 - Level 1.1 Stealth
 * Level 3.4 Unarmed Combat
 - Level 1.2 Spellcasting
   Level 0.6 Conjurations
 - Level 2.1 Ice Magic


You had 3 spell levels left.
You knew the following spells:

 Your Spells              Type           Power        Failure   Level  Hunger
a - Freeze                Ice            #...         12%         1    ##.....


Dungeon Overview and Level Annotations

Branches:
Dungeon (4/15)
 Temple: D:4-7

Altars:

Annotations:
D:4 Pikel


Innate Abilities, Weirdness & Mutations

You are too large for most types of armour.
You have claws for hands.
Your metabolism is lightning-fast.
You like to eat raw meat.
Your natural rate of healing is unusually fast.
You are covered in fur. (AC +1)
You have very tough skin. (AC +2)


Message History

You claw the slave! x2
You kill the slave!
That felt strangely unrewarding.
Unknown command.
You closely miss the slave. The slave hits you.
Unknown command.
Unknown command.
You feel a strong urge to attack something.
You are no longer berserk.
You are exhausted.
You feel yourself slow down.
You are near starving!
As you read the scroll labeled BEUSUW PAJOOSY, it crumbles to dust.
The creatures around you are filled with an inner flame!
It was a scroll of immolation.
The slave closely misses you.
As you read the scroll labeled ITZIZY IXOPP, it crumbles to dust.
It is a scroll of enchant armour.
Your +0 robe glows green for a moment.
The slave hits you but does no damage.
Unknown command.
Are you sure you want to abandon this character and quit the game? (Confirm with "yes".)

....... #.
....... #.#
....... #.#
.!..... #.#
....... #.#
.....<.#. #.#
#.####[>.....
. #.#
#..@pKp....#
.###.#
#..###.##....
......
#########..#
.# # #.##.#
...........#
.# #.##.#
#####.....#
.# #.##.#
#.##### ##(
####.##.# #.#
.# #.#
#.....(.. #.#
.# #.#
#.##.##.# #.#
.# #.#
#.##.##.#


You could see Pikel (inner flame) and 2 slaves.

Vanquished Creatures
  2 slaves (D:4)
  Ijyb (D:2)
  A shadow imp (D:3)
  2 giant geckos
  2 ball pythons (D:2)
  3 goblins
  4 jackals (D:2)
  2 bats
  A kobold (D:2)
  5 rats
23 creatures vanquished.

Notes
Turn   | Place    | Note
-------+----------+-------------------------------------------
     0 | D:1      | 4thArraOfDagon the Troll Ice Elementalist began the quest for the Orb.
     0 | D:1      | Reached XP level 1. HP: 16/16 MP: 1/1
   209 | D:2      | Noticed Ijyb
   222 | D:2      | Reached skill level 1 in Unarmed Combat
   252 | D:2      | Reached XP level 2. HP: 24/24 MP: 2/2
   264 | D:2      | Killed Ijyb
   264 | D:2      | Reached skill level 2 in Unarmed Combat
   264 | D:2      | Reached XP level 3. HP: 31/31 MP: 3/3
   292 | D:2      | Reached skill level 3 in Unarmed Combat
   407 | D:4      | Noticed a slave
   407 | D:4      | Noticed a slave
   408 | D:4      | Noticed Pikel
   408 | D:4      | Noticed a slave
   409 | D:4      | Noticed a slave
   415 | D:4      | Killed a slave
   418 | D:4      | Killed a slave
   424 | D:4      | Quit the game

Vault maps used:
D:1:      matt_arrival_los_fun
D:2:      fedhas_altar_2, first_bread, uniq_robin, uniq_iyjb
D:3:      grunt_temple_overflow_opulence, nicolae_overflow_crystal_walls,
          hex_large, kennysheep_nub
D:4:      nicolae_overflow_hidden_temple, uniq_pikel, uniq_sigmund

Skill      XL: |  1  2  3 |
---------------+----------+-----
Unarmed Combat | 1 2 3 |  3.4
Dodging        | |  1.5
Stealth        | |  1.1
Spellcasting   | |  1.2
Conjurations   | |  0.6
Ice Magic      | |  2.1

Action                   || total
-------------------------++-------
Melee: Unarmed           ||    80
       Punch             ||     1
  Use: Scroll            ||     2
       Potion            ||     1
Armor: Robe              ||    38
Dodge: Dodged            ||    49
